Unix NetHack Version 3.7.0-66 Work-in-progress - last build Oct 24 2022 02:09:04 (0cf9ee0665dfd4e3628fd2b6ead320895a4d4695,branch:master). Game began 2022-10-30 08:46:30, ended 2022-10-30 09:05:52. torpedovariant, chaotic female human Barbarian --- --.---- -- ----.....| --.----.......- -... --- --............----- -....... ---.................- -................aaa(....-- -.................aa@.%)..--- |..................aa...|.......- |.................G.......|......-- --.........................--.|..| --... --.#................| ----- - ---#--............-- -----......... --......... --........| ----.....| -...--- ...| -.--- --- Torpedovariant the Bandit St:18 Dx:16 Co:18 In:8 Wi:7 Ch:7 Chaotic Dlvl:6 $:46 HP:0(64) Pw:11(11) AC:4 Exp:6 T:2545 Burdened Latest messages: You kill the gnome! The dwarf hits! You miss the dwarf. The dwarf hits! You smite the dwarf! You kill the dwarf! The air crackles around the gnomish wizard. The gnomish wizard points at you, then curses. You miss the gnomish wizard. The gnomish wizard points all around, then curses. You miss the gnomish wizard. The gnomish wizard points all around, then curses. You smite the gnomish wizard. The gnomish wizard points all around, then curses. You kill the gnomish wizard! v - an unlabeled scroll. x - a scroll labeled JUYED AWK YACC. What do you want to read? [fvxOW or ?*] This scroll seems to be blank. There is nothing here to pick up. You have a little trouble lifting y - a pair of iron shoes. You have a little trouble lifting z - a dwarvish cloak. Your movements are slowed slightly because of your load. You have a little trouble lifting A - a crossbow. You have a little trouble lifting E - a gem called s vi1 glass. A bear trap closes on your foot! You have a little trouble lifting G - a bow. You are caught in a bear trap. You are caught in a bear trap. You are caught in a bear trap. You are caught in a bear trap. The dwarf swings his pick-axe. The dwarf hits! You smite the dwarf! You kill the dwarf! The killer bee stings! The killer bee stings! The killer bee stings! What do you want to write with? [- alp-rtuwAEGJLMQSV or ?*] You don't have that object. What do you want to write with? [- alp-rtuwAEGJLMQSV or ?*] You write in the dust with a gem called s vi1 glass. Never mind. What do you want to write with? [- alp-rtuwAEGJLMQSV or ?*] You write in the dust with your fingertip. The killer bee stings! The killer bee misses! The killer bee stings! You die... Do you want your possessions identified? [ynq] (y) Inventory: Coins $ - 46 gold pieces Weapons a - a blessed +0 battle-axe (weapon in hands) l - an uncursed +0 crossbow q - an uncursed +0 bow t - an uncursed +0 bow w - an uncursed +0 short sword (alternate weapon; not wielded) A - an uncursed +0 crossbow G - a blessed +1 bow Q - 7 uncursed +0 darts (at the ready) Armor g - a cursed +0 dwarvish cloak named cursed y - a blessed +1 pair of iron shoes z - an uncursed +0 dwarvish cloak B - an uncursed +0 ring mail (being worn) C - an uncursed +0 dwarvish cloak (being worn) D - an uncursed +1 pair of iron shoes (being worn) F - an uncursed rusty +0 dented pot (being worn) N - an uncursed +0 dwarvish cloak Comestibles d - an uncursed food ration j - an uncursed tin of spinach n - an uncursed orange Scrolls f - 2 uncursed scrolls of enchant armor v - an uncursed scroll of blank paper x - an uncursed scroll of identify O - an uncursed scroll of earth W - an uncursed scroll of enchant weapon Potions H - 2 uncursed potions of healing I - a blessed potion of extra healing Wands M - an uncursed wand of magic missile (0:5) Tools c - an uncursed figurine of a quivering blob k - an uncursed lock pick o - an uncursed +0 pick-axe named !c X - 6 blessed tallow candles Y - an uncursed tallow candle Gems/Stones p - an uncursed worthless piece of white glass r - 2 uncursed touchstones u - 2 uncursed worthless pieces of yellow glass E - an uncursed worthless piece of violet glass J - 3 uncursed worthless pieces of red glass L - an uncursed worthless piece of green glass S - a cursed worthless piece of violet glass V - an uncursed worthless piece of yellowish brown glass Torpedovariant the Barbarian's attributes: Background: You were a Bandit, a level 6 female human Barbarian. You were chaotic, nominally on a mission for Set who was opposed by Mitra (lawful) and Crom (neutral). You were in the Gnomish Mines, on level 6. You entered the dungeon 2545 turns ago. You had 451 experience points, 189 more were needed to attain level 7. Basics: You had 0 out of 64 hit points. You had all 11 energy points (spell power). Your armor class was 4. Your wallet contained 46 zorkmids. Autopickup was on for '$!?/"=' plus thrown, with exceptions. Final Characteristics: Your strength was 18 (limit:18/100). Your dexterity was 16 (base:17, limit:18). Your constitution was 18 (limit:18). Your intelligence was 8 (limit:18). Your wisdom was 7 (limit:18). Your charisma was 7 (limit:18). Final Status: You were trapped in a bear trap. You had a wounded right leg. You were not hungry. You were burdened; movement was slightly slowed. You were wielding an axe. You had basic skill with axe and could have enhanced that. Final Attributes: You were piously aligned. You were poison resistant. You were telepathic. You were warded. You are dead. Miscellaneous: You never encountered a bones level. Total elapsed playing time was 19 minutes and 21 seconds. Major events: Turn 1: torpedovariant the chaotic female human Barbarian entered the dungeon 614: attained the rank of Pillager (level 3) 1352: entered the Gnomish Mines 1967: attained the rank of Bandit (level 6) 2545: killed by a killer bee Vanquished creatures: 2 small mimics 4 gnome leaders a gnomish wizard 2 floating eyes 6 dwarves 2 homunculi a kobold leader 3 rothes an iguana a gas spore 3 hobbits a red mold 19 gnomes a gnome zombie 4 geckos 3 jackals a kobold 2 goblins 3 sewer rats 7 grid bugs 3 lichens 3 newts 73 creatures vanquished. No species were genocided or became extinct. Voluntary challenges: You were an atheist. You read items or engraved 2 times. You never engraved Elbereth. You never genocided any monsters. You never polymorphed an object. You never changed form. You used no wishes. Achievements: You entered a shop. You attained the rank of Pillager. You entered the Gnomish Mines. You attained the rank of Bandit. The Dungeons of Doom: levels 1 to 3 Level 1: Level 2: "armor shop" An armor shop, a fountain. Stairs down to The Gnomish Mines. Level 3: The Gnomish Mines: levels 3 to 6 Level 3: Level 4: Level 6: <- You were here. Final resting place for you, killed by a killer bee. Game over: ---------- / \ / REST \ / IN \ / PEACE \ / \ | torpedovariant | | 46 Au | | killed by a | | killer bee | | | | | | 2022 | *| * * * | * _________)/\\_//(\/(/\)/\//\/|_)_______ Goodbye torpedovariant the Barbarian... You died in The Gnomish Mines on dungeon level 6 with 2106 points, and 46 pieces of gold, after 2545 moves. You were level 6 with a maximum of 64 hit points when you died.